 Dungeon Crawl Stone Soup version 0.29-a0-817-g9904bce7a6 (webtiles) character file.

Game seed: 11630814676548156076

29 blackman the Sneak (level 3, 0/29 HPs)
             Began as a Human Delver on July 5, 2022.
             Slain by an ice beast (12 damage)
             ... on level 6 of the Dungeon.
             The game lasted 00:00:24 (208 turns).

blackman the Sneak (Human Delver)                    Turns: 208, Time: 00:00:24

Health: 0/29       AC:  3    Str: 14    XL:     3   Next: 32%
Magic:  3/3        EV: 12    Int: 10    God:
Gold:   14         SH:  0    Dex: 14    Spells: 2/2 levels left

rFire   . . .      SeeInvis .   a - +0 hand axe
rCold   . . .      Faith    .   (no shield)
rNeg    . . .      Spirit   .   b - +0 leather armour
rPois   .          Reflect  .   (no helmet)
rElec   .          Harm     .   (no cloak)
rCorr   .          Rampage  .   (no gloves)
Will    .....                   (no boots)
Stlth   +++.......              (no amulet)
HPRegen 0.09/turn               (no ring)
MPRegen 0.08/turn               (no ring)

@: no status effects
A: no striking features
a: no special abilities


You were on level 6 of the Dungeon.
You visited 1 branch of the dungeon, and saw 2 of its levels.

You collected 14 gold pieces.

Inventory:

Hand Weapons
 a - a +0 hand axe (weapon)
Armour
 b - a +0 leather armour (worn)
Wands
 g - a wand of digging (3)
Scrolls
 c - a scroll of fog
 d - a scroll of magic mapping
 e - a scroll of fear


   Skills:
 - Level 3.0 Fighting
 + Level 3.5 Axes
 - Level 2.0 Dodging
 - Level 5.0 Stealth


You had 2 spell levels left.
You didn't know any spells.
Your spell library was empty.

Dungeon Overview and Level Annotations

Branches:
Dungeon (6/15)
 Temple: D:4-7

Altars:


Message History

Key pressed, stopping explore.
Key pressed, stopping explore.
Key pressed, stopping explore.
A black bear comes into view.
The black bear growls angrily.
A black bear is nearby!
There is a stone staircase leading down here.
You climb downwards.
You hear the hiss of flowing sand.
There is an entrance to an ossuary on this level.
Hurry and find it before the portal is buried!
There is a stone staircase leading up here.
An adder is nearby!
An adder is nearby!
An ice beast comes into view.
The adder bites you but does no damage.
You hit the adder but do no damage. The adder bites you but does no damage.
You closely miss the adder. The adder barely misses you. The adder misses you.
You barely miss the adder. You punch the adder.
The adder is lightly wounded.
The adder closely misses you.
You hit the adder but do no damage.
The adder is lightly wounded.
You hit the ice beast but do no damage. The adder bites you.
The ice beast hits you. The ice beast freezes you! The adder barely misses you.
You are too injured to fight recklessly!
You are too injured to fight recklessly!
You are too injured to fight recklessly!
You are too injured to fight recklessly!
You are too injured to fight recklessly!
You are too injured to fight recklessly!
You are too injured to fight recklessly!
You are too injured to fight recklessly!
You are too injured to fight recklessly!
You are too injured to fight recklessly!
You are too injured to fight recklessly!
You are too injured to fight recklessly!
You are too injured to fight recklessly!
The ice beast attacks as you move away! The ice beast hits you.
The ice beast freezes you!
You die...

##### ##...##
#.....####
...####S........
......Y@....#
...#####...##
#...# #<..#
#...# #...#
#...# .....
..##.#


You could see an ice beast and an adder.

Vanquished Creatures
  A hound (D:5)
1 creature vanquished.

Notes
Turn   | Place    | Note
-------+----------+-------------------------------------------
     0 | D:5      | blackman the Human Delver began the quest for the Orb.
     0 | D:5      | Reached XP level 1. HP: 18/18 MP: 1/1
    11 | D:5      | Noticed a hound
    25 | D:5      | Killed a hound
    26 | D:5      | Reached XP level 2. HP: 13/24 MP: 2/2
    26 | D:5      | Reached XP level 3. HP: 16/29 MP: 3/3
   188 | D:5      | Noticed a black bear
   202 | D:6      | Noticed an ice beast
   208 | D:6      | Slain by an ice beast

Illustrated notes

Levels and vault maps discovered:
D:5:      layout_rooms, lemuel_doored_altar, minmay_temple_entry_large_hall
D:6:      layout_loops_ring, mainiacjoe_overflow_concentric_impassable,
          nicolae_uskayaw_suspiria, nicolae_ossuary_entry_ruins, st_stairs_11

Skill      XL: |  1 |
---------------+----+-----
Axes           | 3 |  3.5
Fighting       | |  3.0
Dodging        | |  2.0
Stealth        | |  5.0

Action                   || total
-------------------------++-------
Melee: Hand axe          ||    15
       Punch             ||     1
  Use: Potion            ||     1
Armor: Leather armour    ||     7
Dodge: Dodged            ||     7

Table legend: (Time is in decaauts)
 A = Elapsed time spent in this place.
 B = Non-inter-level travel time spent in this place.
 C = Inter-level travel time spent in this place.
 D = Time resting spent in this place.
 E = Time spent auto-exploring this place.
 F = Levels seen in this place.
 G = Mean time per level.
                   A        B        C        D        E       F      G
               +--------+--------+--------+--------+--------+-----+--------+
         Total |    191 |    191 |      0 |      0 |    157 |   2 |   95.5 |
       Dungeon |    191 |    191 |      0 |      0 |    157 |   2 |   95.5 |
               +--------+--------+--------+--------+--------+-----+--------+

Top non-repeatable levels by time:
     D:5: 182 daAuts
     D:6: 8 daAuts
